 Dungeon Crawl Stone Soup version 0.29.0-4-gdea44cf6ec (webtiles) character file.

Game seed: 6601439660468898116

18 qw the Caller (level 2, 0/23 HPs)
             Began as a Ghoul Summoner on Sept 10, 2022.
             Slain by a jackal (1 damage)
             ... on level 1 of the Dungeon.
             The game lasted 00:00:22 (670 turns).

qw the Caller (Ghoul Summoner)                       Turns: 670, Time: 00:00:23

Health: 0/23       AC:  2    Str: 11    XL:     2   Next: 70%
Magic:  0/3        EV: 12    Int: 10    God:
Gold:   23         SH:  0    Dex:  9    Spells: 3/4 levels left

rFire   . . .      SeeInvis .   e - -1 short sword
rCold   + . .      Faith    .   (no shield)
rNeg    + + +      Spirit   .   a - +0 robe
rPois   inf        Reflect  .   (no helmet)
rElec   .          Harm     .   (no cloak)
rCorr   .          Rampage  .   (no gloves)
Will    .....                   (no boots)
Stlth   ++........              (no amulet)
HPRegen 0.00/turn               (no ring)
MPRegen 0.08/turn               (no ring)

@: inhibited regen
A: claws 1, cold resistance 1, negative energy resistance 3, inhibited
regeneration, torment resistance 2, devour on kill
a: no special abilities


You were on level 1 of the Dungeon.
You visited 1 branch of the dungeon, and saw 1 of its levels.

You collected 23 gold pieces.


Innate Abilities, Weirdness & Mutations

You are immune to poison.
You have sharp fingernails.
Your flesh is cold resistant. (rC+)
You are immune to negative energy. (rN+++)
You do not regenerate when monsters are visible.
You are immune to unholy pain and torment.
You thrive by killing the living.


   Skills:
 - Level 1.1 Fighting
 + Level 1.6 Axes
 - Level 1.7 Dodging
 - Level 2.1 Stealth
 - Level 1.7 Spellcasting
 - Level 3.6 Summonings


You had 3 spell levels left.
You knew the following spells:

 Your Spells              Type           Power      Damage    Failure   Level
a - Summon Small Mammal   Summ           32%        N/A       8%          1

Your spell library contained the following spells:

 Spells                   Type           Power      Damage    Failure   Level
 Call Imp                 Summ           8%         N/A       11%         2
 Call Canine Familiar     Summ           8%         N/A       22%         3
 Summon Guardian Golem    Hex/Summ       4%         N/A       43%         3
 Summon Lightning Spire   Summ/Air       4%         N/A       83%         4

Inventory:

Hand Weapons
 e - a -1 short sword (weapon)
Armour
 a - a +0 robe (worn)
Scrolls
 c - 2 scrolls of identify {unknown}
 f - a scroll of enchant weapon {unknown}
Potions
 b - a potion of magic
 d - a potion of degeneration {unknown}
 g - a potion of lignification {unknown}

Dungeon Overview and Level Annotations

Branches:
Dungeon (1/15)

Altars:


Message History

The jackal completely misses you.
You closely miss the jackal. The jackal barely misses you. x2
You closely miss the jackal.
The jackal bites you but does no damage.
The jackal closely misses you.
You hit the jackal.
The jackal is heavily wounded.
The jackal misses you.
You closely miss the jackal.
The jackal is heavily wounded.
The jackal bites you but does no damage.
You miss the jackal. The jackal misses you.
You closely miss the jackal. The jackal bites you.
The jackal barely misses you.
661 ||| CASTING Summon Small Mammal
Casting: Summon Small Mammal (safe; 8% risk of failure)
Confirm with . or Enter, or press ? or * to list all spells.
The jackal bites you.
You hit the jackal but do no damage.
The jackal bites you but does no damage.
The jackal bites you.
You barely miss the jackal. The jackal closely misses you.
You barely miss the jackal. The jackal misses you. The jackal bites you.
You hit the jackal but do no damage.
The jackal bites you but does no damage.
You hit the jackal but do no damage. The jackal closely misses you.
The jackal bites you.
You closely miss the jackal. The jackal closely misses you.
The jackal misses you.
You hit the jackal but do no damage. The jackal closely misses you.
You barely miss the jackal. The jackal bites you.
The jackal closely misses you.
You closely miss the jackal. The jackal bites you.
You die...

### .. .. h# h#
####h#.#
#r@hK..#
#b####$# ### #
#.# ...... #.#
#..#.######.##
#....#.......#
.##....#.#######
...........#
#.......#.#


You could see 2 jackals, a kobold, a friendly bat (summoned) and a friendly rat
(summoned).

Vanquished Creatures
  A ball python (D:1)
  An endoplasm (D:1)
  A giant cockroach (D:1)
  A goblin (D:1)
  A bat (D:1)
5 creatures vanquished.

Vanquished Creatures (collateral kills)
  3 ball pythons (D:1)
  An endoplasm (D:1)
  A giant cockroach (D:1)
  2 bats (D:1)
  3 frilled lizards (D:1)
  2 goblins (D:1)
12 creatures vanquished.

Grand Total: 17 creatures vanquished

Notes
Turn   | Place    | Note
-------+----------+-------------------------------------------
     0 | D:1      | qw the Ghoul Summoner began the quest for the Orb.
     0 | D:1      | Reached XP level 1. HP: 14/14 MP: 2/2
     0 | D:1      | 0 ||| qw: Version: 0.1-a-116-g5d60599
     0 | D:1      | 0 ||| qw: Game counter: 7463
     0 | D:1      | 0 ||| qw: Always use a shield: true
     0 | D:1      | 0 ||| qw: God list: Okawaru
     0 | D:1      | 0 ||| qw: Allow faded altars: false
     0 | D:1      | 0 ||| qw: Do Orc after D:15 true
     0 | D:1      | 0 ||| qw: Do second Lair branch before Depths: true
     0 | D:1      | 0 ||| qw: Lair rune preference: random
     0 | D:1      | 0 ||| qw: Plans: Normal
     0 | D:1      | 0 ||| PLANNING D:1-11
    31 | D:1      | Found a faded altar of an unknown god.
    38 | D:1      | 38 ||| Wielding weapon -1 short sword.
    49 | D:1      | 49 ||| CASTING Summon Small Mammal
    50 | D:1      | 50 ||| CASTING Summon Small Mammal
    75 | D:1      | 75 ||| CASTING Summon Small Mammal
    76 | D:1      | 76 ||| CASTING Summon Small Mammal
   107 | D:1      | 107 ||| CASTING Summon Small Mammal
   108 | D:1      | 108 ||| CASTING Summon Small Mammal
   136 | D:1      | 136 ||| CASTING Summon Small Mammal
   137 | D:1      | 137 ||| CASTING Summon Small Mammal
   149 | D:1      | Reached skill level 1 in Axes
   183 | D:1      | 183 ||| CASTING Summon Small Mammal
   184 | D:1      | 184 ||| CASTING Summon Small Mammal
   232 | D:1      | 232 ||| CASTING Summon Small Mammal
   233 | D:1      | 233 ||| CASTING Summon Small Mammal
   262 | D:1      | 262 ||| CASTING Summon Small Mammal
   263 | D:1      | 263 ||| CASTING Summon Small Mammal
   265 | D:1      | Reached XP level 2. HP: 22/22 MP: 0/3
   313 | D:1      | 313 ||| CASTING Summon Small Mammal
   314 | D:1      | 314 ||| CASTING Summon Small Mammal
   315 | D:1      | 315 ||| CASTING Summon Small Mammal
   326 | D:1      | 326 ||| CASTING Summon Small Mammal
   365 | D:1      | 365 ||| CASTING Summon Small Mammal
   367 | D:1      | 367 ||| CASTING Summon Small Mammal
   368 | D:1      | 368 ||| CASTING Summon Small Mammal
   377 | D:1      | 377 ||| CASTING Summon Small Mammal
   380 | D:1      | Reached skill level 1 in Fighting
   421 | D:1      | 421 ||| CASTING Summon Small Mammal
   422 | D:1      | 422 ||| CASTING Summon Small Mammal
   423 | D:1      | 423 ||| CASTING Summon Small Mammal
   463 | D:1      | 463 ||| CASTING Summon Small Mammal
   464 | D:1      | 464 ||| CASTING Summon Small Mammal
   466 | D:1      | 466 ||| CASTING Summon Small Mammal
   503 | D:1      | 503 ||| CASTING Summon Small Mammal
   504 | D:1      | 504 ||| Stepping ~*~*~tactically~*~*~ (stealth).
   510 | D:1      | 510 ||| CASTING Summon Small Mammal
   511 | D:1      | 511 ||| CASTING Summon Small Mammal
   516 | D:1      | 516 ||| CASTING Summon Small Mammal
   557 | D:1      | 557 ||| CASTING Summon Small Mammal
   558 | D:1      | 558 ||| CASTING Summon Small Mammal
   559 | D:1      | 559 ||| CASTING Summon Small Mammal
   569 | D:1      | 569 ||| CASTING Summon Small Mammal
   638 | D:1      | 638 ||| CASTING Summon Small Mammal
   639 | D:1      | 639 ||| CASTING Summon Small Mammal
   640 | D:1      | 640 ||| CASTING Summon Small Mammal
   645 | D:1      | 645 ||| Stepping ~*~*~tactically~*~*~ (outnumbered).
   650 | D:1      | 650 ||| CASTING Summon Small Mammal
   661 | D:1      | 661 ||| CASTING Summon Small Mammal
   664 | D:1      | HP: 5/23 [jackal (3)]
   669 | D:1      | HP: 1/23 [jackal (2)]
   670 | D:1      | Slain by a jackal

Levels and vault maps discovered:
D:1:      saegor_arrival_under_anarchy, layout_basic,
          ebering_ecumenical_altar_rust, chequers_avenue, st_stairs_8

Skill      XL: |  1  2 |
---------------+-------+-----
Axes           | 1 |  1.6
Fighting       | 1 |  1.1
Dodging        | |  1.7
Stealth        | |  2.1
Spellcasting   | |  1.7
Summonings     | |  3.6

Action                   || total
-------------------------++-------
Melee: Short sword       ||    49
 Cast: Summon Small Mamm ||    39
Armor: Robe              ||    14
Dodge: Dodged            ||    45

Table legend:
 A = Non-vault XP
 B = Vault XP
 C = Vault XP percentage of total XP
 D = Non-vault monster count
 E = Vault monster count
 F = Vault count percentage of total count
                 A         B        C        D         E       F
            +---------+---------+-------+---------+---------+-------
      Total |      25 |       2 |   7.4 |      16 |       1 |   5.9
            +---------+---------+-------+---------+---------+-------
        D:1 |      25 |       2 |   7.4 |      16 |       1 |   5.9
            +---------+---------+-------+---------+---------+-------
